 Dungeon Crawl Stone Soup version 0.21-a0-522-ga8338f0 (webtiles) character file.

133 mortelune the Magician (level 4, -2/24 HPs)
             Began as a Deep Elf Wizard on Dec 6, 2017.
             Was an Initiate of Vehumet.
             Killed by nerve-wracking pain
             ... invoked by Grinder
              (14 damage)
             ... while paralysed by Grinder
             ... on level 3 of the Dungeon.
             The game lasted 00:10:39 (3364 turns).

mortelune the Magician (Deep Elf Wizard)            Turns: 3364, Time: 00:10:40

Health: -2/24      AC:  2    Str:  4    XL:     4   Next: 93%
Magic:  1/13       EV:  2    Int: 24    God:    Vehumet [......]
Gold:   22         SH:  0    Dex: 13    Spells: 5/13 levels left

rFire    . . .     SeeInvis .   g - +1 hunting sling
rCold    . . .     Gourm    .   (no shield)
rNeg     . . .     Faith    .   a - +0 robe
rPois    .         Spirit   .   b - +0 hat
rElec    .         Reflect  .   (no cloak)
rCorr    .         Harm     .   (no gloves)
MR       .....                  (no boots)
Stlth    ++........             (no amulet)
HPRegen  0.08/turn              (no ring)
MPRegen  0.13/turn              (no ring)

@: paralysed
A: no striking features
a: Renounce Religion


You were on level 3 of the Dungeon.
You worshipped Vehumet.
Vehumet was noncommittal.
You were not hungry.

You visited 1 branch of the dungeon, and saw 3 of its levels.

You collected 22 gold pieces.

Inventory:

Hand Weapons
 f - a +0 mace
 g - a +1 hunting sling (weapon)
 h - a +2 dagger of speed
Missiles
 i - 95 stones (quivered)
 q - 9 sling bullets
Armour
 a - a +0 robe (worn)
 b - a +0 hat (worn)
Jewellery
 k - an uncursed ring of positive energy {unknown}
Scrolls
 e - 4 scrolls of identify
 l - a scroll of teleportation
 m - a scroll of fog
 o - a scroll of enchant weapon
Potions
 p - a potion of ambrosia {unknown}
 r - a potion of curing {unknown}
 s - a potion of haste {unknown}
 t - a potion of brilliance {unknown}
 v - a potion of heal wounds {unknown}
 w - a potion of resistance
Books
 c - a book of Minor Magic

   Spells                             Type                      Level
   a - Magic Dart                     Conjuration                  1
   b - Blink                          Translocation                2
   c - Call Imp                       Summoning                    2
   d - Slow                           Hexes                        2
   e - Conjure Flame                  Conjuration/Fire             3
   f - Mephitic Cloud                 Conjuration/Poison/Air       3
Comestibles
 d - 4 bread rations
 j - 2 royal jellies
 n - 2 meat rations
 u - a chunk of flesh


   Skills:
 + Level 3.4 Dodging
 - Level 2.4 Stealth
 + Level 5.2 Spellcasting
 * Level 3.4 Conjurations
 + Level 2.2 Summonings
 - Level 1.1 Translocations
 + Level 0.5 Fire Magic


You had 5 spell levels left.
You knew the following spells:

 Your Spells              Type           Power        Failure   Level  Hunger
a - Magic Dart            Conj           ###.         1%          1    None
b - Call Imp              Summ           ###.....     5%          2    None
c - Blink                 Tloc           N/A          9%          2    None
d - Conjure Flame         Conj/Fire      ###.....     11%         3    ##.....


Dungeon Overview and Level Annotations

Branches:
Dungeon (3/15)

Altars:
Dithmenos
Hepliaklqana
Okawaru
Qazlal
Vehumet
The Shining One

Annotations:
D:2 Sigmund
D:3 1 runed door, Grinder


Message History

Aiming: Magic Dart
Press: ? - help, Shift-Dir - straight line, f/p - Grinder
Aim: Grinder (severely wounded)
The magic dart hits Grinder.
Grinder is severely wounded.
Your crimson imp blinks!
Grinder blinks!
Casting: Magic Dart
Confirm with . or Enter, or press ? or * to list all spells.
Aiming: Magic Dart
Press: ? - help, Shift-Dir - straight line, f/p - Grinder
Aim: Grinder (severely wounded)
The magic dart hits Grinder.
Grinder is severely wounded.
Grinder gestures at you.
You suddenly lose the ability to move!
Grinder gestures at you. Pain shoots through your body!
Ouch! That really hurt!
You die...

#....# #....# #....#
#....#### +5.......
.#######....#####
......§.................
[#######....##.........#
#.#######@...##.........#
............##........###
######
..###..5....##...........
.....####.#
#....#####........###
###÷..#...# #5...#
#...........
#.........###....#
#.).........
..###÷###.....####
#.........## #.# #.#
#....## ##'######.#.
..###.###....# #.# ###^#.


You could see Grinder, a friendly crimson imp and a friendly white imp.

Vanquished Creatures
  Natasha (D:3)
  An adder (D:3)
  A dart slug (D:3)
  5 leopard geckos
  3 orcs (D:3)
  3 giant cockroaches
  4 goblins
  8 hobgoblins
  2 jackals (D:2)
  9 kobolds
  4 bats
  7 frilled lizards
  8 rats
56 creatures vanquished.

Vanquished Creatures (collateral kills)
  Terence (D:2)
  2 adders (D:2)
  A rat (D:2)
4 creatures vanquished.

Grand Total: 60 creatures vanquished

Notes
Turn   | Place    | Note
-------+----------+-------------------------------------------
     0 | D:1      | mortelune the Deep Elf Wizard began the quest for the Orb.
     0 | D:1      | Reached XP level 1. HP: 10/10 MP: 7/7
   495 | D:1      | Reached XP level 2. HP: 15/15 MP: 7/9
   503 | D:1      | Learned a level 2 spell: Call Imp
  1218 | D:2      | Reached XP level 3. HP: 19/19 MP: 8/11
  1247 | D:2      | Learned a level 2 spell: Blink
  1251 | D:2      | Learned a level 3 spell: Conjure Flame
  1633 | D:2      | Noticed Terence
  1674 | D:2      | Killed Terence
  1674 | D:2      | Reached skill level 5 in Spellcasting
  1864 | D:2      | Reached XP level 4. HP: 15/24 MP: 7/13
  2316 | D:2      | Noticed Sigmund
  2795 | D:3      | Found a hazy altar of Hepliaklqana.
  2924 | D:3      | Found a radiant altar of Vehumet.
  2924 | D:3      | Found a shadowy altar of Dithmenos.
  2926 | D:3      | Found a stormy altar of Qazlal.
  2927 | D:3      | Found a glowing golden altar of the Shining One.
  2932 | D:3      | Became a worshipper of Vehumet
  3022 | D:3      | Found a runed door.
  3147 | D:3      | Found a faded altar of an unknown god.
  3151 | D:3      | Noticed Natasha
  3157 | D:3      | Killed Natasha
  3242 | D:3      | Found an iron altar of Okawaru.
  3335 | D:3      | Noticed Grinder
  3339 | D:3      | Paralysed by Grinder for 2 turns
  3363 | D:3      | Paralysed by Grinder for 6 turns
  3364 | D:3      | Killed from afar by Grinder

Vault maps used:
D:1:      dpeg_arrival_snail
D:2:      first_bread, uniq_sigmund, uniq_terence
D:3:      lemuel_doored_altar, grunt_temple_overflow_open,
          chequers_ecumenical_altar_simple_redux, uniq_crazy_yiuf_cottage,
          uniq_grinder, uniq_natasha

Skill      XL: |  1  2  3  4 |
---------------+-------------+-----
Conjurations   | 2 3 |  3.4
Dodging        | 3 |  3.4
Spellcasting   | 5 |  5.2
Summonings     | 2 |  2.2
Stealth        | |  2.4
Translocations | |  1.1
Fire Magic     | |  0.5

Action                   |  1- 3 |  4- 6 || total
-------------------------+-------+-------++-------
 Cast: Magic Dart        |    86 |    53 ||   139
       Call Imp          |     7 |     8 ||    15
       Conjure Flame     |     1 |     1 ||     2
  Use: Scroll            |     3 |     1 ||     4
  Eat: Chunk             |     3 |     4 ||     7
Armor: Robe              |     3 |     1 ||     4
Dodge: Dodged            |    14 |     6 ||    20

Table legend:
 A = Spawn XP
 B = Non-spawn XP
 C = Spawn XP percentage of total XP
 D = Spawn monster count
 E = Non-spawn monster count
 F = Spawn count percentage of total count
 G = Total turns spent on level
                    A         B        C        D         E        F      G
               +---------+---------+-------+---------+---------+-------+---------
         Total |       0 |     190 |   0.0 |       0 |      60 |   0.0 |  3364
               +---------+---------+-------+---------+---------+-------+---------
           D:1 |       0 |      30 |   0.0 |       0 |      19 |   0.0 |  1074
           D:2 |       0 |      87 |   0.0 |       0 |      27 |   0.0 |  1557
           D:3 |       0 |      73 |   0.0 |       0 |      14 |   0.0 |   733
               +---------+---------+-------+---------+---------+-------+---------
